 Dungeon Crawl Stone Soup version 0.28.0-53-g5a82cb258f (webtiles) character file.

Game seed: 412810902381628822

401 infcreate the Sneak (level 6, 32/32 HPs)
             Began as a Vampire Enchanter on July 30, 2022.
             Quit the game on level 5 of the Dungeon.
             The game lasted 00:12:48 (4829 turns).

infcreate the Sneak (Vampire Enchanter)             Turns: 4829, Time: 00:12:49

Health: 32/32      AC:  6    Str:  7    XL:     6   Next: 54%
Magic:  10/10      EV: 13    Int: 18    God:
Gold:   156        SH:  0    Dex: 16    Spells: 3/11 levels left

rFire   . . .      SeeInvis +   k - +3 dagger (elec)
rCold   + + .      Faith    .   (no shield)
rNeg    + + +      Spirit   .   b - +0 robe
rPois   ∞          Reflect  .   (no helmet)
rElec   .          Harm     .   (no cloak)
rCorr   .          Rampage  .   (no gloves)
Will    .....                   (no boots)
Stlth   +++++.....              (no amulet)
HPRegen 0.10/turn               L - ring of flight
MPRegen 0.12/turn               T - +4 ring of protection

@: flying, bloodless
A: bloodless, fangs 3, see invisible, vampiric 2
a: Bat Form, Revivify


You were on level 5 of the Dungeon.
You visited 1 branch of the dungeon, and saw 5 of its levels.

You collected 156 gold pieces.


Innate Abilities, Weirdness & Mutations

You do not regenerate when monsters are visible.
You are frail without blood (-20% HP).
You can heal yourself when you bite living creatures.
You are immune to poison.
You have razor-sharp teeth.
You have supernaturally acute eyesight. (SInv)
You are afflicted with vampirism and can become a bat while bloodless.


   Skills:
 + Level 3.4 Short Blades
 + Level 3.8 Dodging
 + Level 6.4 Stealth
 + Level 3.3 Spellcasting
 + Level 6.2 Hexes


You had 3 spell levels left.
You knew the following spells:

 Your Spells              Type           Power      Damage    Failure   Level
c - Confusing Touch       Hex            25%        N/A       3%          3
d - Tukima's Dance        Hex            25%        N/A       3%          3
e - Ensorcelled Hibernat  Hex/Ice        28%        N/A       7%          2

Your spell library contained the following spells:

 Spells                   Type           Power      Damage    Failure   Level
 Dazzling Flash           Conj/Hex       28%        N/A       13%         3
 Summon Guardian Golem    Hex/Summ       14%        N/A       13%         3
 Animate Skeleton         Necr           4%         N/A       16%         1
 Pain                     Necr           8%         1d4       16%         1
 Shock                    Conj/Air       8%         1d3       16%         1
 Summon Small Mammal      Summ           8%         N/A       16%         1
 Call Canine Familiar     Summ           2%         N/A       43%         3
 Swiftness                Air            2%         N/A       43%         3
 Vampiric Draining        Necr           2%         2d6       43%         3
 Airstrike                Air            1%         N/A       85%         4

Inventory:

Hand Weapons
 k - a +3 dagger of electrocution (weapon)
 n - a +1 rapier of speed
Armour
 b - a +0 robe (worn)
Magical Staves
 a - a staff of cold {!a}
Jewellery
 F - a ring of fire
 L - a ring of flight (left hand)
 T - a +4 ring of protection (right hand)
Wands
 l - a wand of acid (7)
Scrolls
 d - a scroll of fear
 e - a scroll of silence {!r}
 f - 4 scrolls of teleportation {@r2}
 j - a scroll of fog
Potions
 c - 2 potions of invisibility
 g - 2 potions of might {unknown}
 h - a potion of haste {unknown}
 i - 2 potions of curing {@q1}
 m - a potion of heal wounds {unknown}

Dungeon Overview and Level Annotations

Branches:
Dungeon (5/15)
 Temple: D:4-7

Altars:
Fedhas

Shops:
D:2 [   D:3 :   D:5 (

Portals:
Ossuary: D:5

▒+▒ .## ▒.▒ ...
▒.▒ .. .∩. .#.#
▒.▒▒▒.#.# .#..
▒.▒...#.#
.....▒@▒.....####
..............[...
.>.####......####
##.#...# ###.###
#.# ## #+# #.# #.#
#.# ###### #.##
#.#
#.###^...####..#


There were no monsters in sight!


Message History

You hit the orc.
You kill the orc!
Found 10 gold pieces.
Magic restored.
You now have 156 gold pieces (gained 10).
You hear the slow hiss of a very distant avalanche of sand.
You reach down and open the door.
There is an open door here.
There is an open door here.
You see here a +0 mace.
There is a stone staircase leading up here.
You reach down and open the door.
Found a chain mail and 16 stones.
There is an open door here.
Found Mozi's Antique Weapon Emporium.
You reach down and open the door.
There is an open door here.
Found a hunting sling and a leather armour.
There is an entrance to Mozi's Antique Weapon Emporium here.
You hear the slow hiss of a very distant avalanche of sand.
Found a stone staircase leading down.
Found 14 arrows.
Found 14 stones.
Found a blossoming altar of Fedhas.
Found a scale mail.
Found a stone staircase leading down.
You reach down and open the door.
Found a sand-covered staircase.
There is an open door here.
Are you sure you want to abandon this character and quit the game? (Confirm with "yes".)

Skill      XL: |  1  2  3  4  5  6 |
---------------+-------------------+-----
Stealth        | 5 6 |  6.4
Short Blades   | 2 3 |  3.4
Hexes          | 5 6 |  6.2
Dodging        | 3 |  3.8
Spellcasting   | 3 |  3.3

Action                   |  1- 3 |  4- 6 || total
-------------------------+-------+-------++-------
Melee: Dagger            |    85 |    64 ||   149
       Bite              |     4 |     8 ||    12
 Cast: Ensorcelled Hiber |    25 |    11 ||    36
       Confusing Touch   |     2 |    11 ||    13
       Tukima's Dance    |       |     2 ||     2
 Abil: Exsanguinate      |     1 |       ||     1
  Use: Scroll            |     2 |     6 ||     8
 Stab: Sleeping          |    41 |    12 ||    53
       Confused          |     1 |     4 ||     5
       Distracted        |       |     1 ||     1
Armor: Robe              |    13 |    12 ||    25
Dodge: Dodged            |    33 |    17 ||    50

Levels and vault maps discovered:
D:1:      dpeg_arrival_refuge, layout_basic,
          hellmonk_ecumenical_altar_heavens_door, corexii_corridor_pit
D:2:      layout_loops_ring, serial_shops, nicolae_shop_advertising_works
          [nicolae_subvault_shop_adworks], minmay_fountain_box,
          grunt_decor_resistance
D:3:      layout_basic, serial_shops, nicolae_shop_stone
D:4:      layout_basic, serial_curves, eino_curves_02, eino_curves_03,
          uniq_eustachio
D:5:      layout_loops_corners, overflow_temple_1_default,
          mainiacjoe_overflow_small_starburst, serial_shops,
          nicolae_shop_waterfront, nicolae_ossuary_entry_plus,
          minmay_joined_circles

Notes
Turn   | Place    | Note
-------+----------+-------------------------------------------
     0 | D:1      | infcreate the Vampire Enchanter began the quest for the
                  | Orb.
     0 | D:1      | Reached XP level 1. HP: 13/13 MP: 3/3
   395 | D:1      | Reached XP level 2. HP: 11/15 MP: 5/5
   398 | D:1      | Learned a level 2 spell: Ensorcelled Hibernation
   718 | D:1      | Found a faded altar of an unknown god.
  1141 | D:2      | Found Saof Otuga's Antique Armour Shoppe.
  1264 | D:2      | Gained mutation: You are afflicted with vampirism and can
                  | become a bat while bloodless. [Vampire growth]
  1264 | D:2      | Reached XP level 3. HP: 19/19 MP: 3/6
  1268 | D:2      | Learned a level 3 spell: Confusing Touch
  1654 | D:2      | Reached skill level 5 in Stealth
  2142 | D:3      | Reached skill level 2 in Short Blades
  2142 | D:3      | Reached skill level 5 in Hexes
  2634 | D:3      | Found Bear's Book Shoppe.
  2855 | D:3      | Reached XP level 4. HP: 24/24 MP: 2/7
  3595 | D:4      | Noticed a scorpion
  3791 | D:4      | Noticed Eustachio
  3804 | D:3      | Learned a level 3 spell: Tukima's Dance
  3971 | D:4      | Killed a scorpion
  3972 | D:4      | Reached skill level 3 in Dodging
  3972 | D:4      | Reached XP level 5. HP: 15/28 MP: 5/9
  4085 | D:4      | Killed Eustachio
  4086 | D:4      | Reached skill level 3 in Short Blades
  4086 | D:4      | Reached skill level 6 in Stealth
  4086 | D:4      | Reached skill level 3 in Spellcasting
  4086 | D:4      | Reached XP level 6. HP: 32/32 MP: 2/10
  4175 | D:4      | Reached skill level 6 in Hexes
  4684 | D:5      | Entered Level 5 of the Dungeon
  4772 | D:5      | Found Mozi's Antique Weapon Emporium.
  4805 | D:5      | Found a blossoming altar of Fedhas.
  4827 | D:5      | Found a sand-covered staircase.
  4829 | D:5      | Quit the game

Vanquished Creatures
  Eustachio (D:4)
  2 scorpions (D:4)
  An orc wizard (D:4)
  A hound skeleton (D:4)
  2 adders
  A worm (D:3)
  A dart slug (D:3)
  12 orcs
  5 bats
  7 endoplasms
  2 giant cockroaches
  10 goblins
  6 hobgoblins
  3 jackals (D:1)
  9 kobolds
  2 quokkas
  3 ball pythons
  3 frilled lizards
  4 rats
75 creatures vanquished.

Table legend: (Time is in decaauts)
 A = Elapsed time spent in this place.
 B = Non-inter-level travel time spent in this place.
 C = Inter-level travel time spent in this place.
 D = Time resting spent in this place.
 E = Time spent auto-exploring this place.
 F = Levels seen in this place.
 G = Mean time per level.
                   A        B        C        D        E       F      G
               +--------+--------+--------+--------+--------+-----+--------+
         Total |   4816 |   4239 |    577 |    426 |   2898 |   5 |  963.2 |
       Dungeon |   4816 |   4239 |    577 |    426 |   2898 |   5 |  963.2 |
               +--------+--------+--------+--------+--------+-----+--------+

Top non-repeatable levels by time:
     D:3: 1739 daAuts
     D:2: 1002 daAuts
     D:1: 990 daAuts
     D:4: 939 daAuts
     D:5: 144 daAuts

Table legend:
 A = Non-vault XP
 B = Vault XP
 C = Vault XP percentage of total XP
 D = Non-vault monster count
 E = Vault monster count
 F = Vault count percentage of total count
                 A         B        C        D         E       F
            +---------+---------+-------+---------+---------+-------
      Total |     383 |     191 |  33.3 |      74 |       1 |   1.3
            +---------+---------+-------+---------+---------+-------
        D:1 |      32 |       0 |   0.0 |      19 |       0 |   0.0
        D:2 |      26 |       0 |   0.0 |      15 |       0 |   0.0
        D:3 |      54 |       0 |   0.0 |      20 |       0 |   0.0
        D:4 |     268 |     191 |  41.6 |      19 |       1 |   5.0
        D:5 |       3 |       0 |   0.0 |       1 |       0 |   0.0
            +---------+---------+-------+---------+---------+-------
